 Dungeon Crawl Stone Soup version 0.30-a0-465-g8901f6c8b5 (webtiles) character file.

Game seed: 16246354792341125824

60 arthad the Covert (level 4, 0/41 HPs)
             Began as a Gnoll Delver on Dec 17, 2022.
             Succumbed to a scorpion's poison
             ... on level 4 of the Dungeon.
             The game lasted 00:01:42 (283 turns).

arthad the Covert (Gnoll Delver)                     Turns: 283, Time: 00:01:42

Health: 0/41       AC:  3    Str: 13    XL:     4   Next: 4%
Magic:  1/5        EV: 13    Int: 10    God:
Gold:   49         SH:  0    Dex: 13    Spells: 5/5 levels left

rFire   . . .      SeeInvis .    a - +0 hand axe
rCold   . . .      Faith    .    (no shield)
rNeg    . . .      Spirit   .    b - +0 leather armour
rPois   .          Reflect  .    (no helmet)
rElec   .          Harm     .    (no cloak)
rCorr   .          Rampage  .    (no gloves)
Will    .....                    (no boots)
Stlth   ++++......               (no amulet)
HPRegen 0.26/turn                (no ring)
MPRegen 0.09/turn                (no ring)

@: lethally poisoned (0 -> -10), hasted, very quick
A: fangs 1, strong nose, distributed training
a: no special abilities


You were on level 4 of the Dungeon.
You visited 1 branch of the dungeon, and saw 2 of its levels.

You collected 49 gold pieces.

Inventory:

Hand Weapons
 a - a +0 hand axe (weapon)
Armour
 b - a +0 leather armour (worn)
Wands
 g - a wand of digging (3)
Scrolls
 c - a scroll of fog
 e - a scroll of fear


   Skills:
 + Level 6.6 Fighting
 + Level 1.0 Short Blades
 + Level 1.0 Long Blades
 + Level 4.6 Axes
 + Level 1.0 Maces & Flails
 + Level 1.0 Polearms
 + Level 1.0 Staves
 + Level 1.0 Ranged Weapons
 + Level 1.0 Throwing
 + Level 1.0 Armour
 + Level 4.6 Dodging
 + Level 9.6 Stealth
 + Level 1.0 Shields
 + Level 1.0 Unarmed Combat
 + Level 1.0 Spellcasting
 + Level 0.8 Conjurations
 + Level 0.8 Hexes
 + Level 0.8 Summonings
 + Level 0.8 Necromancy
 + Level 0.8 Translocations
 + Level 0.8 Transmutations
 + Level 0.8 Fire Magic
 + Level 0.8 Ice Magic
 + Level 0.8 Air Magic
 + Level 0.8 Earth Magic
 + Level 0.8 Poison Magic
 + Level 1.1 Invocations
 + Level 1.0 Evocations


You had 5 spell levels left.
You didn't know any spells.
Your spell library was empty.

Dungeon Overview and Level Annotations

Branches:
Dungeon (5/15)
 Temple: D:4-7

Altars:


Innate Abilities, Weirdness & Mutations

You have very sharp teeth.
Your uncanny sense of smell can sniff out nearby items.
Your experience applies equally to all skills.


Message History

You hit the scorpion.
You kill the scorpion!
* * * LOW HITPOINT WARNING * * *
You feel very sick.
Your Short Blades skill increases to level 1!
Your Long Blades skill increases to level 1!
Your Maces & Flails skill increases to level 1!
Your Polearms skill increases to level 1!
Your Staves skill increases to level 1!
Your Ranged Weapons skill increases to level 1!
Your Throwing skill increases to level 1!
Your Armour skill increases to level 1!
Your Shields skill increases to level 1!
Your Unarmed Combat skill increases to level 1!
Your Spellcasting skill increases to level 1!
Your Invocations skill increases to level 1!
Your Evocations skill increases to level 1!
You have reached level 2!
You have reached level 3!
Your experience leads to an increase in your attributes!
Increase (S)trength, (I)ntelligence, or (D)exterity?
You feel stronger. x2
You have reached level 4!
You feel clever.
Unknown command.
Unknown command.
* * * LOW HITPOINT WARNING * * *
You feel very sick.
* * * LOW HITPOINT WARNING * * *
You feel sick.
You aren't carrying any potions.
You are too injured to fight recklessly!
As you read the scroll labelled DEIJALEOSY, it crumbles to dust.
The air around you briefly surges with heat, but it dissipates.
It was a scroll of immolation.
* * * LOW HITPOINT WARNING * * *
You feel sick.
As you read the scroll of magic mapping, it crumbles to dust.
You feel aware of your surroundings.
You die...

,,,* #.....###### ##...## ,***
###.### ##.## ,* #.# #.# ,* #.#
#.# ,* #.# **+#* ,* #.## **,,,**
,**** #..### **,>,,,** ,**,**
##.#.## **,,,,,,,**
,*,,,*********#.@..#***,,,,,,,,,*
,,,,,,,,,.............+,,,,,,,,,+
,,,,,****######....####,,,,,,,,,*
**,,**** **.....# **,,,,,,,**
*,,,,,* *......# **,,,,,**
**,***,* ##...#.# **,,,** ,,**
*,* #..##.# **+** ,,* *,* #..,,.#
*,* *,* *,* **,**** *,*


There were no monsters in sight!

Vanquished Creatures
  A scorpion (D:4)
  2 endoplasms (D:4)
  A kobold (D:4)
4 creatures vanquished.

Notes
Turn   | Place    | Note
-------+----------+-------------------------------------------
     0 | D:5      | Reached skill level 9 in Stealth
     0 | D:5      | arthad the Gnoll Delver began the quest for the Orb.
     0 | D:5      | Reached XP level 1. HP: 23/23 MP: 1/1
    27 | D:5      | Noticed a hound
    28 | D:5      | Noticed a necrophage
    38 | D:5      | Noticed an iguana
   268 | D:4      | Noticed a scorpion
   279 | D:4      | Killed a scorpion
   280 | D:4      | Reached skill level 1 in Short Blades
   280 | D:4      | Reached skill level 1 in Long Blades
   280 | D:4      | Reached skill level 1 in Maces & Flails
   280 | D:4      | Reached skill level 1 in Polearms
   280 | D:4      | Reached skill level 1 in Staves
   280 | D:4      | Reached skill level 1 in Ranged Weapons
   280 | D:4      | Reached skill level 1 in Throwing
   280 | D:4      | Reached skill level 1 in Armour
   280 | D:4      | Reached skill level 1 in Shields
   280 | D:4      | Reached skill level 1 in Unarmed Combat
   280 | D:4      | Reached skill level 1 in Spellcasting
   280 | D:4      | Reached skill level 1 in Invocations
   280 | D:4      | Reached skill level 1 in Evocations
   280 | D:4      | Reached XP level 2. HP: 6/29 MP: 1/3
   280 | D:4      | Reached XP level 3. HP: 7/35 MP: 1/4
   280 | D:4      | Reached XP level 4. HP: 9/41 MP: 1/5
   282 | D:4      | HP: 2/41 [poisoned by a scorpion]
   283 | D:4      | Succumbed to a scorpion's poison

Illustrated notes

Levels and vault maps discovered:
D:4:      layout_loops_corners, minmay_snake_closets
D:5:      layout_layer_cave, minmay_misc_feat_pillars,
          nicolae_fountain_basement, uniq_sigmund

Skill      XL: |  1 |
---------------+----+-----
Stealth        | |  9.6
Short Blades   | 1 |  1.0
Long Blades    | 1 |  1.0
Maces & Flails | 1 |  1.0
Polearms       | 1 |  1.0
Staves         | 1 |  1.0
Ranged Weapons | 1 |  1.0
Throwing       | 1 |  1.0
Armour         | 1 |  1.0
Shields        | 1 |  1.0
Unarmed Combat | 1 |  1.0
Spellcasting   | 1 |  1.0
Invocations    | 1 |  1.1
Evocations     | 1 |  1.0
Fighting       | |  6.6
Axes           | |  4.6
Dodging        | |  4.6
Conjurations   | |  0.8
Hexes          | |  0.8
Summonings     | |  0.8
Necromancy     | |  0.8
Translocations | |  0.8
Transmutations | |  0.8
Fire Magic     | |  0.8
Ice Magic      | |  0.8
Air Magic      | |  0.8
Earth Magic    | |  0.8
Poison Magic   | |  0.8

Action                   |  1- 3 |  4- 6 || total
-------------------------+-------+-------++-------
Melee: Hand axe          |    14 |       ||    14
       Bite              |     1 |       ||     1
  Use: Potion            |     1 |       ||     1
       Scroll            |       |     2 ||     2
 Stab: Sleeping          |     2 |       ||     2
Dodge: Dodged            |     4 |       ||     4

Table legend: (Time is in decaauts)
 A = Elapsed time spent in this place.
 B = Non-inter-level travel time spent in this place.
 C = Inter-level travel time spent in this place.
 D = Time resting spent in this place.
 E = Time spent auto-exploring this place.
 F = Levels seen in this place.
 G = Mean time per level.
                   A        B        C        D        E       F      G
               +--------+--------+--------+--------+--------+-----+--------+
         Total |    281 |    281 |      0 |     41 |     42 |   2 |  140.5 |
       Dungeon |    281 |    281 |      0 |     41 |     42 |   2 |  140.5 |
               +--------+--------+--------+--------+--------+-----+--------+

Top non-repeatable levels by time:
     D:4: 212 daAuts
     D:5: 69 daAuts
